 Dungeon Crawl Stone Soup version 0.22-a0-533-g4d20840 (webtiles) character file.

19 iamserjio the Charmwright (level 2, 0/22 HPs)
             Began as a Vine Stalker Skald on June 22, 2018.
             Succumbed to an adder's poison
             ... on level 2 of the Dungeon.
             The game lasted 00:03:45 (352 turns).

iamserjio the Charmwright (Vine Stalker Skald)       Turns: 352, Time: 00:03:46

Health: 0/22       AC:  3    Str: 17 (18) XL:     2   Next: 75%
Magic:  1/6        EV: 11    Int: 11 (13) God:
Gold:   17         SH:  0    Dex: 11 (13) Spells: 2/5 levels left

rFire    . . .     SeeInvis .   d - +0 dagger
rCold    . . .     Gourm    .   (no shield)
rNeg     . . .     Faith    .   a - +0 leather armour
rPois    .         Spirit   +   (no helmet)
rElec    .         Reflect  .   (no cloak)
rCorr    .         Harm     .   (no gloves)
MR       .....                  (no boots)
Stlth    ..........             (no amulet)
HPRegen  0.07/turn              (no ring)
MPRegen  0.10/turn              (no ring)

@: berserking, lethally poisoned (0 -> -7), singing, very slightly contaminated,
very quick
A: fangs 2, magic shield, antimagic bite, no potion heal 3, rot immunity
a: no special abilities


You were on level 2 of the Dungeon.
You were not hungry.

You visited 1 branch of the dungeon, and saw 2 of its levels.

You collected 17 gold pieces.

Inventory:

Hand Weapons
 d - a +0 dagger (weapon)
Missiles
 b - a stone (quivered)
Armour
 a - a +0 leather armour (worn)
 j - a +0 chain mail
 n - a +0 pair of gloves
Scrolls
 e - a scroll of remove curse {unknown}
 g - a scroll of enchant weapon {unknown}
 k - a scroll of noise {unknown}
 l - a scroll of teleportation {unknown}
Potions
 o - a potion of lignification {unknown}
Comestibles
 c - a ration


   Skills:
 + Level 2.1 Fighting
 - Level 0.7 Armour
 - Level 1.5 Dodging
 * Level 2.9 Unarmed Combat
 - Level 2.1 Spellcasting
 - Level 3.0 Charms


You had 2 spell levels left.
You knew the following spells:

 Your Spells              Type           Power        Failure   Level  Hunger
a - Infusion              Chrm           #...         10%         1    ##.....
b - Song of Slaying       Chrm           #.......     16%         2    ###....

Your spell library contained the following spells:

 Spells                   Type           Power        Failure   Level  Hunger
 Regeneration             Chrm/Necr      #.........   50%         3    ####...
 Shroud of Golubria       Chrm/Tloc      #.........   28%         2    ###....
 Spectral Weapon          Hex/Chrm       #.......     50%         3    ####...


Dungeon Overview and Level Annotations

Branches:
Dungeon (2/15)

Altars:
Makhleb
Xom


Innate Abilities, Weirdness & Mutations

You have extremely sharp teeth.
When hurt, damage is shared between your health and your magic reserves.
Your bite disrupts and absorbs the magic of your enemies.
Potions cannot restore your health.
You are immune to rotting.


Message History

The adder is moderately wounded.
The adder barely misses you. The adder bites you.
* * * LOW HITPOINT WARNING * * *
It was a potion of heal wounds.
That seemed strangely inert.
* * * LOW HITPOINT WARNING * * *
You feel sick. The adder closely misses you.
A goblin comes into view. It is wielding a club.
It was a potion of degeneration.
There was something very wrong with that liquid.
You feel weakened.
You feel dopey.
You feel clumsy.
You hear a shout!
The adder bites you but does no damage.
It was a potion of magic.
Magic courses through your body. The adder bites you.
* * * LOW HITPOINT WARNING * * *
You are more poisoned.
The adder poisons you! The adder bites you.
It was a potion of berserk rage.
A red film seems to cover your vision as you go berserk!
You feel yourself moving faster!
You feel mighty!
You die...

#.#.# # .....# #.###
#.#.. .###### #.#
######.#####.########.#
...........<†..........#
###########.#.#.####.#.#
..........#.#
#.#'#########
#######..##.#
#............
.........##.#
#.......#####
########.##@# #.......#
# #ggS.# #.......# #
#.g### #.......# #
#.g..# #.####### #
#....# #. # #.#..# #. #
#..g.# # #......(.
######g##.#


You could see an adder, a hobgoblin and 3 goblins.

Vanquished Creatures
  A worm (D:2)
  A dart slug (D:2)
  3 bats (D:1)
  4 hobgoblins (D:1)
  A kobold (D:1)
  A frilled lizard (D:2)
  2 rats (D:1)
13 creatures vanquished.

Notes
Turn   | Place    | Note
-------+----------+-------------------------------------------
     0 | D:1      | iamserjio the Vine Stalker Skald began the quest for the Orb.
     0 | D:1      | Reached XP level 1. HP: 11/11 MP: 4/4
   127 | D:1      | Reached XP level 2. HP: 6/15 MP: 1/6
   264 | D:2      | Found a shimmering altar of Xom.
   266 | D:2      | Found a burning altar of Makhleb.
   331 | D:2      | Learned a level 2 spell: Song of Slaying
   352 | D:2      | Succumbed to an adder's poison

Vault maps used:
D:1:      ncdulo_lavacross, st_stairs_11, minmay_misc_feat_enclosed
D:2:      chequers_temple_overflow_statue_of_worship,
          nicolae_overflow_hidden_temple, uniq_robin

Skill      XL: |  1 |
---------------+----+-----
Fighting       | 2 |  2.1
Armour         | |  0.7
Dodging        | |  1.5
Unarmed Combat | |  2.9
Spellcasting   | |  2.1
Charms         | |  3.0

Action                   || total
-------------------------++-------
Melee: Dagger            ||    56
       Bite              ||    17
       Unarmed           ||     6
       Punch             ||     1
 Cast: Infusion          ||     3
       Song of Slaying   ||     1
  Use: Potion            ||     4
Armor: Leather armour    ||    23
Dodge: Dodged            ||    38

Table legend:
 A = Spawn XP
 B = Non-spawn XP
 C = Spawn XP percentage of total XP
 D = Spawn monster count
 E = Non-spawn monster count
 F = Spawn count percentage of total count
 G = Total turns spent on level
                    A         B        C        D         E        F      G
               +---------+---------+-------+---------+---------+-------+---------
         Total |       0 |      28 |   0.0 |       0 |      13 |   0.0 |   352
               +---------+---------+-------+---------+---------+-------+---------
           D:1 |       0 |      18 |   0.0 |       0 |      10 |   0.0 |   236
           D:2 |       0 |      10 |   0.0 |       0 |       3 |   0.0 |   116
               +---------+---------+-------+---------+---------+-------+---------
